 Dungeon Crawl Stone Soup version 0.22-a0-433-gd2a9cce (webtiles) character file.

65 theanonym the Poker (level 3, 0/29 HPs)
             Began as a Mummy Abyssal Knight on May 27, 2018.
             Was a Believer of Lugonu.
             Slain by a gnoll (3 damage)
             ... on level 1 of the Dungeon.
             The game lasted 00:02:19 (1287 turns).

theanonym the Poker (Mummy Abyssal Knight)          Turns: 1287, Time: 00:02:20

Health: 0/29       AC:  8    Str: 16    XL:     3   Next: 94%
Magic:  4/4        EV:  4    Int: 11    God:    Lugonu [**....]
Gold:   32         SH:  0    Dex: 11    Spells: 2/2 levels left

rFire    x . .     SeeInvis .   a - +1 spear
rCold    + . .     Gourm    .   (no shield)
rNeg     + + +     Faith    .   i - +0 chain mail
rPois    ∞         Spirit   .   (no helmet)
rElec    .         Reflect  .   (no cloak)
rCorr    .         Harm     .   (no gloves)
MR       .....                  (no boots)
Stlth    ..........             e - amulet of magic regeneration
HPRegen  0.09/turn              h - -2 ring of evasion (curse)
MPRegen  0.34/turn              (no ring)

@: no status effects
A: no food or potions, fire vulnerability, cold resistance 1, negative energy
resistance 3, torment resistance, unbreathing
a: Depart the Abyss, Bend Space, Renounce Religion


Innate Abilities, Weirdness & Mutations

You do not eat or drink.
Your flesh is vulnerable to fire.
You are immune to poison.
Your flesh is cold resistant. (rC+)
You are immune to negative energy. (rN+++)
You are immune to unholy pain and torment.
You can survive without breathing.


   Skills:
 - Level 3.0 Fighting
 + Level 3.5 Polearms
 - Level 1.5 Armour
 - Level 0.7 Dodging
 - Level 1.5 Invocations


You had 2 spell levels left.
You didn't know any spells.
Your spell library was empty.

Skill      XL: |  1  2  3 |
---------------+----------+-----
Polearms       | 2 3 |  3.5
Fighting       | |  3.0
Armour         | |  1.5
Dodging        | |  0.7
Invocations    | |  1.5

Action                   || total
-------------------------++-------
Melee: Spear             ||   182
  Use: Scroll            ||     2
Armor: Leather armour    ||    14
       Ring mail         ||     1
       Chain mail        ||    96
Dodge: Dodged            ||    94

Inventory:

Hand Weapons
 a - a +1 spear (weapon)
Armour
 b - a +0 leather armour
 f - a +0 ring mail
   (You found it on level 1 of the Dungeon)
 i - a +0 chain mail (worn)
   (You found it on level 2 of the Dungeon)
Jewellery
 e - an amulet of magic regeneration (around neck)
   (You found it on level 1 of the Abyss)
 h - a cursed -2 ring of evasion (left hand)
   (You found it on level 2 of the Dungeon)
Scrolls
 g - a scroll of enchant weapon
 r - 2 scrolls of identify
 t - a scroll of teleportation {!r}


You were on level 1 of the Dungeon.
You worshipped Lugonu.
Lugonu was pleased with you.
You were not hungry.

You visited 1 branch of the dungeon, and saw 2 of its levels.
You visited the Abyss 1 time.

You collected 32 gold pieces.

Dungeon Overview and Level Annotations

Branches:
Dungeon (2/15)

Altars:
Elyvilon

...###...................##
..........................##
...####.................#..######
...#....##.........).......#.....
.......####........).............
.....)....######.....†...........
.÷...).....## #.###>............
........#...# #g# #.............
....##......# #@# #.............
......##....# #.# #....[........
.......#..†.####.####............
..##...###.....#..# ##.....#.....
................#.###############
#####..#####...........# # ##..#
#...........# # #..##
###.........# # ##>.# #.........#


You could see a gnoll.

Notes
Turn   | Place    | Note
-------+----------+-------------------------------------------
     0 | Abyss:1  | theanonym the Mummy Abyssal Knight began the quest for the Orb.
     0 | Abyss:1  | Reached XP level 1. HP: 18/18 MP: 2/2
    16 | D:1      | Escaped the Abyss
   108 | D:1      | Reached skill level 2 in Polearms
   187 | D:1      | Reached XP level 2. HP: 24/24 MP: 3/3
   370 | D:1      | Reached ** piety under Lugonu
   727 | D:2      | Reached XP level 3. HP: 27/29 MP: 4/4
   779 | D:2      | Found a white marble altar of Elyvilon.
   824 | D:2      | Reached skill level 3 in Polearms
  1269 | D:1      | HP: 13/29 [adder (2)]
  1277 | D:1      | HP: 12/29 [jackal (2)]
  1283 | D:1      | HP: 6/29 [gnoll (4)]
  1287 | D:1      | Slain by a gnoll

Vanquished Creatures
  2 adders
  A leopard gecko (D:1)
  5 bats
  6 giant cockroaches (D:1)
  4 goblins (D:1)
  6 hobgoblins
  7 jackals
  5 kobolds
  A quokka (D:2)
  2 frilled lizards (D:2)
  2 rats (D:1)
41 creatures vanquished.

Table legend:
 A = Turns spent in this place as a percentage of turns spent in the entire game.
 B = Non-inter-level travel turns spent in this place as a percentage of non-inter-level travel turns spent in the entire game.
 C = Inter-level travel turns spent in this place as a percentage of turns spent in this place.
 D = Turns resting spent in this place as a percentage of non-inter-level travel turns spent in this place.
 E = Turns spent auto-exploring this place as a percentage of non-inter-level travel turns spent in this place.
 F = Non-inter-level travel turns spent in this place divided by the number of levels of this place that you've seen.
                   A       B       C       D       E      F
               +-------+-------+-------+-------+-------+----------------------
         Total | 100.0 | 100.0 |   8.9 |  29.2 |  39.1 | 390.7
       Dungeon |  98.8 |  98.6 |   9.0 |  29.6 |  39.6 | 578.0
         Abyss |   1.2 |   1.4 |   0.0 |   0.0 |   0.0 |  16.0
               +-------+-------+-------+-------+-------+----------------------
